Map: Daybreak LE (Void)

Players

Mvp

  • Race: Terran Terran
  • Spawn Location: 1:00

Stephano - Winner!

  • Race: Zerg Zerg
  • Spawn Location: 7:00

Event: Gamers8 2023

VOD

Have the link to the VOD?

Description

Time

  • Played on: Aug. 5, 2023, 7:31 a.m.
  • Length: 18:31

All games in this series

Show
View Real Time Build Order
Export as new Build Order

Mvp Terran 

Build Orders: Reaper Expand, Hellion Banshee, Mech 

Get SALT Encoding   

  12  0:00  SCV  
  13  0:12  SCV  
  14  0:17  Supply Depot  
  14  0:24  SCV  
  15  0:39  SCV  
  15  0:40  Barracks  
  16  0:45  Refinery  
  16  0:51  SCV  
  17  1:03  SCV  
  18  1:15  SCV  
  19  1:27  Orbital Command  
  19  1:28  Reaper  
  20  1:41  Command Center  
  20  1:53  Supply Depot  
  21  1:54  SCV  
  21  2:00  Marine  
  22  2:06  SCV  
  23  2:17  Factory  
  23  2:18  SCV  
  23  2:21  Barracks Reactor  
  24  2:30  SCV  
  25  2:42  SCV  
  26  2:45  Command Center  
  26  2:52  Orbital Command  
  26  2:54  SCV  
  26  2:56  Refinery  
  27  3:04  Starport  
  27  3:08  SCV  
  27  3:10  Barracks Tech Lab  
  28  3:20  SCV  
  28  3:23  Hellion  
  28  3:24  Hellion  
  28  3:26  SCV  
  34  3:36  SCV  
  34  3:38  SCV  
  36  3:47  Hellion x2  
  36  3:48  SCV  
  41  3:50  SCV  
  42  3:59  Supply Depot  
  42  4:00  Orbital Command  
  42  4:01  Banshee  
  45  4:05  Cloaking Field  
  44  4:12  SCV x2  
  46  4:20  Refinery  
  46  4:21  Refinery  
  46  4:24  SCV x2  
  46  4:25  Supply Depot  
  46  4:28  Hellion x2  
  52  4:36  SCV x2  
  54  4:44  Banshee  
  57  4:48  SCV x2  
  57  4:49  Orbital Command  
  59  4:55  Barracks Tech Lab  
  59  4:59  Factory x2  
  59  5:00  SCV x2  
  59  5:02  Hellion, Supply Depot  
  59  5:04  Hellion  
  65  5:12  SCV  
  65  5:13  SCV  
  67  5:16  Armory  
  67  5:18  SCV, Hyperflight Rotors  
  68  5:24  Armory, Supply Depot  
  68  5:25  SCV x2  
  70  5:28  Banshee  
  70  5:31  SCV  
  74  5:37  Hellion x2, SCV x2  
  80  5:43  SCV  
  80  5:47  Supply Depot  
  80  5:49  SCV x2, Factory Tech Lab  
  83  5:53  Supply Depot  
  83  5:55  Supply Depot  
  83  5:58  Supply Depot  
  83  5:59  SCV  
  83  6:01  SCV x2  
  86  6:09  Hellion x2  
  86  6:10  Siege Tank x2  
  96  6:15  SCV x3  
  96  6:18  Refinery x2  
  99  6:20  Banshee  
  99  6:24  Terran Vehicle Weapons Level 1  
  102  6:26  Supply Depot  
  102  6:31  SCV x3  
  105  6:33  Terran Vehicle And Ship Armor Level 1  
  105  6:36  Supply Depot  
  105  6:37  Hellbat  
  105  6:38  Hellbat  
  109  6:47  Siege Tank  
  112  6:59  Siege Tank  
  115  7:01  SCV x3  
  115  7:03  Command Center  
  115  7:04  Engineering Bay  
  115  7:07  Supply Depot x2  
  118  7:09  Hellbat x2  
  118  7:13  Supply Depot  
  122  7:16  Banshee  
  125  7:24  Factory  
  125  7:27  Barracks Reactor  
  125  7:30  Thor  
  131  7:44  SCV x2  
  131  7:45  SCV  
  131  7:50  Supply Depot  
  134  7:52  Factory  
  134  7:55  Hellbat x2  
  134  7:56  Supply Depot  
  138  7:58  Thor  
  138  8:00  Banshee  
  147  8:13  Thor  
  147  8:15  Factory  
  147  8:19  Refinery, Supply Depot  
  153  8:22  Sensor Tower, Factory  
  153  8:23  Refinery  
  153  8:27  Hellbat x4  
  161  8:28  Infernal Pre-Igniter  
  161  8:29  Factory  
  161  8:34  Orbital Command  
  161  8:40  Factory Tech Lab  
  161  8:42  Missile Turret  
  161  8:46  Terran Vehicle Weapons Level 2  
  161  8:49  Hellbat x2  
  161  8:50  Hellbat x2  
  172  8:55  Siege Tank  
  172  8:59  Terran Vehicle And Ship Armor Level 2  
  172  9:08  Siege Tank  
  175  9:11  Siege Tank  
  175  9:14  Factory Tech Lab  
  175  9:16  Factory Tech Lab  
  178  9:19  Factory Tech Lab  
  178  9:21  Hellbat x4  
  186  9:36  Siege Tank x3  
  186  9:38  Siege Tank  
  198  9:42  Hellbat  
  191  10:00  Siege Tank x2  
  191  10:01  Hellbat x3  
  166  10:08  Siege Tank x3, Hellbat  
  166  10:10  Hellbat  
  177  10:20  SCV x2  
  177  10:22  Hellbat x2  
  177  10:23  Hellbat  
  174  10:31  Siege Tank, Hellbat  
  174  10:33  Hellbat  
  178  10:36  SCV  
  178  10:37  SCV x2  
  169  10:43  Siege Tank  
  172  10:51  Banshee  
  172  10:55  SCV x3  
  176  11:11  Siege Tank x3  
  148  11:12  Hellbat x2  
  148  11:16  Hellbat x2, SCV  
  135  11:19  SCV x2  
  135  11:24  Siege Tank  
  140  11:33  Banshee  
  140  11:38  Siege Tank x2  
  140  11:39  Hellion x2  
  149  11:40  Hellion x2  
  149  11:43  Hellion  
  149  11:45  SCV x4  
  138  11:54  Siege Tank  
  138  11:55  Siege Tank  
  138  11:57  SCV  
  138  11:58  Barracks Reactor  
  136  12:06  SCV  
  136  12:07  SCV x2  
  139  12:09  SCV  
  139  12:12  Terran Vehicle Weapons Level 3, Terran Vehicle And Ship Armor Level 3  
  140  12:21  Siege Tank x2, Hellion x2  
  150  12:31  SCV x4  
  150  12:32  Viking x2  
  158  12:39  Hellion x6  
  158  12:40  Hellion  
  158  12:43  SCV x3  
  158  12:44  Hellbat, Hellion  
  161  12:45  Siege Tank, Hellion x2  
  168  12:55  Siege Tank x2  
  168  12:56  Hellion x2  
  161  13:04  Viking x2  
  165  13:06  Hellion x2  
  165  13:07  Siege Tank  
  172  13:13  Hellion  
  172  13:17  Hellbat x2  
  178  13:23  Hellion x8  
  168  13:27  Hellbat  
  168  13:28  Siege Tank x3, Hellbat  
  168  13:34  Siege Tank, Viking x2  
  178  13:47  Command Center  
  173  13:51  Hellbat x2  
  173  13:53  Thor x3  
  193  14:04  Hellion x3  
  193  14:06  Hellbat x2  
  193  14:08  Viking x2  
  190  14:10  Siege Tank  
  190  14:12  Hellbat x2  
  190  14:14  Thor  
  200  14:23  Command Center  
  192  15:01  Siege Tank x2  
  192  15:02  Viking  
  200  15:10  Viking  
  181  15:18  Siege Tank x2  
  181  15:19  Siege Tank x2, Hellbat x3  
  165  15:32  Viking  
  165  15:33  Siege Tank  
  165  15:34  Siege Tank  
  160  15:36  Planetary Fortress  
  160  15:40  Siege Tank  
  160  15:48  Hellion x2  
  162  15:50  Siege Tank  
  162  15:51  Siege Tank x3  
  162  15:53  SCV x2  
  162  15:56  Refinery  
  172  15:58  Viking  
  172  16:02  Viking  
  176  16:05  Siege Tank  
  176  16:06  Hellbat  
  176  16:08  Hellion x2  
  176  16:09  Hellbat x2  
  156  16:13  Siege Tank  
  137  16:23  Siege Tank x3  
  127  16:28  Viking  
  127  16:30  Hellbat x2  
  133  16:38  Viking, Hellbat  
  137  16:45  Refinery  
  137  16:46  Thor  
  143  16:48  Siege Tank  
  143  16:52  Hellbat x2  
  143  16:53  Siege Tank  
  153  16:59  Hellbat  
  143  17:08  Siege Tank  
  143  17:09  Siege Tank x2  
  143  17:13  Hellbat  
  153  17:18  Hellbat  
  153  17:20  Hellbat  
  152  17:26  Siege Tank  
  152  17:29  Viking  
  141  17:40  Siege Tank  
  141  17:41  Siege Tank  
  141  17:49  Hellbat x2  
  137  18:09  Hellbat  
Show
View Real Time Build Order
Export as new Build Order

Stephano Zerg - Winner!

Build Orders: Hatch First, Lurkers 

Get SALT Encoding   

  12  0:00  Drone  
  13  0:12  Overlord  
  13  0:17  Drone  
  14  0:30  Drone x2  
  16  0:49  Hatchery  
  15  0:52  Drone  
  15  0:55  Drone  
  17  0:59  Drone  
  18  1:09  Extractor  
  17  1:15  Spawning Pool  
  17  1:17  Drone  
  17  1:21  Drone  
  18  1:28  Drone  
  19  1:38  Drone  
  20  1:49  Drone  
  21  2:01  Queen x2  
  21  2:02  Zergling x4  
  27  2:11  Drone  
  27  2:12  Overlord  
  28  2:24  Hatchery  
  28  2:27  Drone  
  27  2:30  Drone  
  27  2:35  Drone x2  
  30  2:41  Queen  
  32  2:47  Metabolic Boost  
  32  2:51  Overlord  
  32  2:57  Drone  
  33  3:01  Drone x2  
  35  3:11  Drone  
  35  3:12  Drone x3  
  39  3:13  Drone  
  39  3:19  Queen, Drone  
  43  3:23  Overlord  
  43  3:35  Queen x2  
  43  3:36  Drone  
  43  3:38  Zergling x2  
  49  3:44  Zergling x4  
  49  3:45  Drone x2  
  53  3:49  Drone x2  
  53  3:52  Drone  
  53  3:53  Drone  
  57  4:10  Overlord x2  
  57  4:16  Evolution Chamber  
  56  4:20  Evolution Chamber, Drone x2  
  56  4:21  Overlord  
  57  4:28  Drone x2  
  57  4:29  Drone x3  
  57  4:30  Zergling x8  
  67  4:31  Drone  
  67  4:36  Drone x2  
  69  4:40  Drone  
  76  4:45  Drone x6  
  76  4:50  Drone  
  77  4:54  Zergling x2  
  77  4:56  Zerg Ground Armor Level 1, Zerg Melee Weapons Level 1  
  77  4:59  Spore Crawler  
  77  5:02  Queen x2, Spore Crawler x2  
  77  5:05  Zergling x4  
  81  5:07  Drone  
  81  5:12  Overlord x2  
  82  5:16  Extractor x2  
  80  5:22  Overlord  
  80  5:23  Drone x2  
  80  5:24  Overlord  
  80  5:27  Lair  
  82  5:35  Hatchery  
  81  5:43  Spore Crawler  
  81  5:46  Drone x3  
  81  5:47  Baneling Nest  
  81  5:49  Zergling x12  
  88  6:00  Extractor x2  
  88  6:04  Drone x4  
  86  6:12  Spore Crawler  
  85  6:19  Drone x5  
  85  6:20  Zergling x12  
  96  6:39  Baneling x6  
  94  6:40  Baneling, Zergling x14  
  94  6:44  Overseer  
  101  6:52  Zerg Ground Armor Level 2  
  100  6:55  Zergling x4  
  100  6:59  Centrifugal Hooks  
  102  7:03  Drone x7  
  102  7:04  Overlord x2, Drone x2  
  102  7:05  Queen x3, Overlord  
  117  7:13  Baneling x3  
  117  7:14  Baneling x3, Zergling x4  
  119  7:21  Overlord  
  119  7:25  Zerg Melee Weapons Level 2  
  119  7:26  Zergling x16  
  127  7:42  Hatchery  
  124  7:48  Zergling x28  
  124  7:49  Hydralisk Den  
  137  7:56  Spore Crawler, Drone x4  
  137  7:57  Infestation Pit, Extractor  
  137  8:00  Drone x6  
  137  8:02  Extractor  
  137  8:04  Extractor  
  141  8:15  Spore Crawler, Drone x5  
  141  8:16  Drone x4  
  141  8:18  Spore Crawler  
  148  8:20  Muscular Augments  
  148  8:33  Hive  
  147  8:39  Spine Crawler  
  147  8:40  Spine Crawler  
  145  8:41  Spine Crawler  
  145  8:43  Spine Crawler  
  142  8:53  Overlord  
  142  8:54  Overlord x3  
  142  8:57  Hatchery  
  142  8:58  Drone x3  
  142  8:59  Drone x3  
  142  9:00  Overlord  
  147  9:09  Zerg Missile Weapons Level 1  
  147  9:11  Pneumatized Carapace  
  146  9:28  Drone x3  
  146  9:29  Overlord  
  149  9:31  Grooved Spines  
  149  9:35  Overlord x3, Hydralisk x3  
  149  9:36  Hydralisk x6  
  167  9:40  Drone x6  
  167  9:42  Extractor  
  167  9:45  Extractor, Spore Crawler x2  
  169  9:49  Baneling  
  169  9:50  Baneling x15  
  168  9:59  Viper x4  
  149  10:08  Viper  
  149  10:10  Hydralisk x4  
  154  10:25  Overseer  
  154  10:31  Hydralisk  
  154  10:32  Hydralisk x7  
  170  10:40  Zergling x34  
  177  10:45  Hydralisk x4  
  185  10:50  Zergling x10  
  185  10:56  Viper  
  188  11:11  Hydralisk x8  
  168  11:15  Zergling x8  
  166  11:22  Hydralisk x3  
  160  11:29  Zergling x16  
  160  11:30  Baneling  
  162  11:40  Hydralisk x6  
  159  11:47  Zergling x8  
  159  11:48  Zergling x6  
  159  11:52  Hydralisk x2  
  156  11:57  Hydralisk  
  151  12:06  Zerg Missile Weapons Level 2  
  151  12:07  Zerg Melee Weapons Level 3  
  151  12:13  Hydralisk x3  
  157  12:16  Hatchery  
  157  12:19  Lurker Den  
  155  12:30  Adrenal Glands  
  155  12:33  Hatchery  
  155  12:35  Hydralisk x4  
  161  12:56  Hydralisk x10  
  159  13:07  Zergling x2  
  159  13:08  Zergling x16  
  168  13:14  Hydralisk x3  
  168  13:15  Hydralisk  
  173  13:26  Hydralisk x4  
  164  13:32  Extractor  
  158  13:44  Drone x2  
  158  13:45  Drone x7  
  158  13:46  Overseer  
  158  13:47  Overseer  
  167  13:49  Seismic Spines  
  167  13:57  Drone x5  
  166  14:26  Lurker x4  
  166  14:27  Lurker, Drone x6  
  177  14:31  Spire  
  177  14:33  Extractor, Spore Crawler  
  177  14:35  Extractor  
  177  14:36  Spine Crawler x2, Drone x4  
  177  14:37  Spine Crawler x2, Drone x4  
  175  14:46  Adaptive Talons  
  175  14:49  Hydralisk x5  
  185  15:02  Hydralisk x4  
  181  15:15  Hydralisk x5  
  181  15:21  Hydralisk x2  
  168  15:29  Hydralisk x3  
  171  15:37  Zergling x2  
  171  15:38  Zergling x34  
  171  15:40  Zerg Missile Weapons Level 3  
  184  15:54  Viper  
  185  15:57  Zergling x10  
  188  16:08  Viper  
  166  16:11  Extractor  
  166  16:12  Extractor  
  166  16:17  Hydralisk  
  166  16:18  Hydralisk x5  
  164  16:21  Zergling x18  
  155  16:27  Overseer  
  155  16:30  Drone x2  
  155  16:31  Drone  
  156  16:37  Viper  
  159  16:41  Overseer x3  
  159  16:47  Hydralisk x5  
  168  17:00  Hydralisk x6  
  174  17:20  Hydralisk x10  
  169  17:34  Zergling x32  
  169  17:35  Zergling x8  
  184  17:47  Hydralisk  
  184  17:48  Hydralisk x2  
  190  17:54  Overlord  
Tags
 
Add a new tag
Caveats
  • Supply blocks, unpowered buildings, or Contaminate may cause inaccurate times.
  • Supply counts are checked every 10 seconds.